 Dungeon Crawl Stone Soup version 0.30-a0-465-g8901f6c8b5 (webtiles) character file.

Game seed: 13687324391143588940

181 JoshKwa the Trooper (level 5, 0/31 (42) HPs)
             Began as a Draconian Fighter on Dec 17, 2022.
             Slain by an ufetubus (3 damage)
             ... on level 4 of the Dungeon.
             The game lasted 00:11:19 (2652 turns).

JoshKwa the Trooper (Draconian Fighter)             Turns: 2652, Time: 00:11:20

HP:   0/31 (42)     AC:  7    Str: 14 (17) XL:     5   Next: 34%
MP:   7/7           EV: 15    Int: 13 (15) God:
Gold: 96            SH:  4    Dex:  7 (9)  Spells: 4/7 levels left

rFire   . . .      SeeInvis .    c - +0 short sword (speed)
rCold   . . .      Faith    .    b - +0 buckler
rNeg    . . .      Spirit   .    (body armour unavailable)
rPois   .          Reflect  .    (helmet restricted)
rElec   .          Harm     .    (no cloak)
rCorr   .          Rampage  .    j - +0 pair of gloves
Will    +....                    i - +0 pair of boots
Stlth   +.........               (no amulet)
HPRegen 0.25/turn                d - +4 ring of evasion
MPRegen 0.10/turn                (no ring)

@: flying, very heavily drained
A: AC +5, unfitting armour, cold-blooded, clever 1, frail 1, strong-willed 1,
mutation resistance 1
a: no special abilities


You were on level 4 of the Dungeon.
You visited 1 branch of the dungeon, and saw 4 of its levels.

You collected 96 gold pieces.

Inventory:

Hand Weapons
 c - a +0 short sword of speed (weapon)
Armour
 b - a +0 buckler (worn)
 i - a +0 pair of boots (worn)
 j - a +0 pair of gloves (worn)
Magical Staves
 p - a staff of poison
Jewellery
 d - a +4 ring of evasion (left hand)
Scrolls
 g - a scroll of fog
 m - a scroll of immolation {unknown}
Potions
 e - a potion of resistance
 f - a potion of flight


   Skills:
 * Level 4.3 Fighting
 + Level 3.6 Long Blades
 + Level 3.2 Dodging
 + Level 0.5 Stealth
 + Level 3.2 Shields
 * Level 1.6 Spellcasting


You had 4 spell levels left.
You knew the following spells:

 Your Spells              Type           Power      Damage    Failure   Level
a - Hailstorm             Conj/Ice       1%         3d3       71%         3

Your spell library contained the following spells:

 Spells                   Type           Power      Damage    Failure   Level
 Ice Form                 Ice/Tmut       1%         N/A       98%         4
 Simulacrum               Ice/Necr       0%         N/A       100%        6


Dungeon Overview and Level Annotations

Branches:
Dungeon (4/15)
 Temple: D:4-7

Altars:
Vehumet

Annotations:
D:4 Edmund, Robin


Innate Abilities, Weirdness & Mutations

Your plain brown scales are hard. (AC +5)
You cannot fit into any form of body armour.
You are cold-blooded and may be slowed by cold attacks.
Your mind is acute. (Int +4, Str/Dex -1)
You are frail. (-10% HP)
You are strong-willed. (Will+)
You are somewhat resistant to further mutation.


Message History

Edmund attacks as you move away! Edmund closely misses you.
The giant cockroach completely misses you.
The giant cockroach barely misses you.
You feel very buoyant.
You fly up into the air.
Edmund closely misses you. You block the giant cockroach's attack.
Edmund says, "People accused me of being a cutpurse!"
An ufetubus comes into view.
You see here 3 large rocks.
Found a stone staircase leading up.
The ufetubus shouts!
You hear an angry hiss.
The giant cockroach closely misses you. Edmund attacks as you move away!
Edmund misses you.
Robin of the Strong Arm comes into view.
They are wielding a +0 short sword.
Found an escape hatch in the floor.
The ufetubus hits you.
* * * LOW HITPOINT WARNING * * *
The ufetubus barely misses you. You block the ufetubus's attack.
The ufetubus closely misses you.
The giant cockroach attacks as you move away!
The giant cockroach barely misses you.
Robin roars a battlecry!
The ufetubus closely misses you.
The ufetubus hits you but does no damage.
You hear a shout! x2
You hear an angry hiss.
The ufetubus hits you.
* * * LOW HITPOINT WARNING * * *
The ufetubus completely misses you. The ufetubus misses you.
The ufetubus completely misses you.
You hear a shout!
The ufetubus attacks as you move away! You block the ufetubus's attack.
The ufetubus completely misses you.
The giant cockroach attacks as you move away!
The giant cockroach barely misses you.
You hear a shout! x2; You hear an angry hiss.
You block Robin's attack. The giant cockroach misses you.
You hear a shout!
The ufetubus attacks as you move away! The ufetubus completely misses you.
The ufetubus hits you.
You die...

########### ########
#.§§......############.......
#.§....................######
#§§§§.....##############
#..§§.(...# ######....##
.<....###..####
..........@5g.##..##
#####..###.B@...>...
##....####..#### ### ####. .#
### ... ## # P~..§## ~~~~§..
≈~~~§§# .~~~. .~~~ )~.


You could see Edmund, Robin, an ufetubus and a giant cockroach.

Vanquished Creatures
  A phantom (D:4)
  2 adders
  2 shadow imps (D:4)
  3 white imps (D:4)
  An ufetubus (D:4)
  A dart slug (D:1)
  An orc (D:4)
  4 bats
  3 endoplasms
  3 giant cockroaches
  4 goblins
  3 hobgoblins
  3 quokkas
  7 ball pythons
  3 frilled lizards
  4 kobolds
  6 rats
51 creatures vanquished.

Vanquished Creatures (others)
  6 demonic plants
  A plant (D:3)
7 creatures vanquished.

Grand Total: 58 creatures vanquished

Notes
Turn   | Place    | Note
-------+----------+-------------------------------------------
     0 | D:1      | JoshKwa the Draconian Fighter began the quest for the Orb.
     0 | D:1      | Reached XP level 1. HP: 19/19 MP: 1/1
   467 | D:1      | Found a faded altar of an unknown god.
   658 | D:1      | Reached XP level 2. HP: 23/27 MP: 2/2
   988 | D:2      | Reached XP level 3. HP: 33/33 MP: 3/3
  1936 | D:3      | Reached skill level 4 in Fighting
  1945 | D:3      | Found a radiant altar of Vehumet.
  2143 | D:4      | Noticed a phantom
  2160 | D:4      | Reached skill level 1 in Spellcasting
  2160 | D:4      | Reached XP level 4. HP: 25/40 MP: 5/5
  2171 | D:4      | Gained mutation: You are weak. (Str -2) [potion of
                  | mutation]
  2171 | D:4      | Gained mutation: Your mind is acute. (Int +4, Str/Dex -1)
                  | [potion of mutation]
  2171 | D:4      | Gained mutation: You are vulnerable to cold. (rC-) [potion
                  | of mutation]
  2172 | D:4      | Lost mutation: You are weak. (Str -2) [potion of mutation]
  2172 | D:4      | Lost mutation: You are vulnerable to cold. (rC-) [potion of
                  | mutation]
  2172 | D:4      | Gained mutation: You are frail. (-10% HP) [potion of
                  | mutation]
  2172 | D:4      | Gained mutation: You are strong-willed. (Will+) [potion of
                  | mutation]
  2172 | D:4      | Gained mutation: You are somewhat resistant to further
                  | mutation. [potion of mutation]
  2193 | D:4      | Killed a phantom
  2194 | D:4      | Reached XP level 5. HP: 38/41 MP: 5/7
  2544 | D:4      | Learned a level 3 spell: Hailstorm
  2609 | D:4      | Noticed Edmund
  2647 | D:4      | Noticed Robin
  2652 | D:4      | Slain by an ufetubus

Illustrated notes

Levels and vault maps discovered:
D:1:      erik_arrival_orb_chamber, layout_basic,
          shapermc_ecumenical_altar_acropolis, dreamdust_princess_corridor
D:2:      layout_basic, basic_altar
D:3:      layout_loops_ring, old_standard_altar, serial_bayou_crossing
D:4:      layout_rooms, mainiacjoe_overflow_surrounded_room, serial_demonic,
          serial_demonic_c, serial_demonic_c, serial_demonic_f,
          serial_demonic_c, uniq_duvessa, uniq_edmund, uniq_robin

Skill      XL: |  1  2  3 |
---------------+----------+-----
Fighting       | 4 |  4.3
Dodging        | 3 |  3.2
Long Blades    | 3 |  3.6
Spellcasting   | 1 |  1.6
Stealth        | |  0.5
Shields        | |  3.2

Action                   |  1- 3 |  4- 6 || total
-------------------------+-------+-------++-------
Melee: Long sword        |   133 |    21 ||   154
       Tailslap          |    18 |     1 ||    19
       Short sword       |       |    35 ||    35
  Use: Scroll            |     5 |     2 ||     7
       Potion            |     3 |     8 ||    11
Armor: Skin              |    35 |    21 ||    56
Dodge: Dodged            |   121 |    81 ||   202
Block: Buckler           |    28 |    17 ||    45

Table legend: (Time is in decaauts)
 A = Elapsed time spent in this place.
 B = Non-inter-level travel time spent in this place.
 C = Inter-level travel time spent in this place.
 D = Time resting spent in this place.
 E = Time spent auto-exploring this place.
 F = Levels seen in this place.
 G = Mean time per level.
                   A        B        C        D        E       F      G
               +--------+--------+--------+--------+--------+-----+--------+
         Total |   2694 |   2389 |    305 |    474 |      0 |   4 |  673.5 |
       Dungeon |   2694 |   2389 |    305 |    474 |      0 |   4 |  673.5 |
               +--------+--------+--------+--------+--------+-----+--------+

Top non-repeatable levels by time:
     D:1: 954 daAuts
     D:2: 620 daAuts
     D:3: 614 daAuts
     D:4: 505 daAuts
